[Event "*** Qualifier 4: Titled Tuesday 3|2 Blitz"]
[Site "Chess.com"]
[Date "2017.04.25"]
[Round "6"]
[White "IIIlllII1llIl"]
[Black "Oneofmyturns"]
[Result "1-0"]
[WhiteElo "2549"]
[BlackElo "2503"]
[TimeControl "180+2"]
[EndTime "14:16:50 PDT"]
[Termination "IIIlllII1llIl won on time"]

1. e4 Nf6 2. e5 Nd5 3. d4 d6 4.
Nf3 Bg4 5. Be2 e6 6. O-O Be7 7. c4 Nb6 8. Nc3 O-O 9. Be3 Nc6 10. exd6 cxd6 11. d5 exd5 12. Bxb6 Qxb6 13. Nxd5 Qxb2 14. Rb1 Qxa2 15. Rxb7 Bd8 16. Nc3 Qa6 17. Rb1 Ne5 18. c5 Qc8 19. cxd6 Qxc3 20. Nxe5 Bf5 21.
Rb5 a6 22. Rd5 Be6 23. Qd4 Qa3 24. Bc4 Bf6 25. f4 Rad8 26. d7 Bxd5 27. Qxd5 Qe7 28. Rd1 Bxe5 29. fxe5 Rb8 30. h3 Rfd8 31. Bxa6 Rb6 32.
Bb5 Re6 33. Re1 Kf8 34. Re4 h6 35. Kh1 Qa3 36. Kh2 Qb2 37. Qc5+ Kg8 38. Qc8 Qxb5 39.
Qxd8+ Kh7 40. Qc7 Qd5 41. Rf4 Re7 42. d8=Q Rxc7 43. Qxd5 1-0

[Event "*** Qualifier 4: Titled Tuesday 3|2 Blitz"]
[Site "Chess.com"]
[Date "2017.04.25"]
[Round "6"]
[White "Rikikits"]
[Black "biostatistician"]
[Result "0-1"]
[WhiteElo "2590"]
[BlackElo "2458"]
[TimeControl "180+2"]
[EndTime "14:16:52 PDT"]
[Termination "biostatistician won on time"]

1. e4 e6 2. d4 d5 3. Nc3 Nf6 4. e5 Nfd7 5. f4 c5 6. Nf3 Nc6 7. Ne2 cxd4 8. Nexd4 Nc5 9. Be3 Qb6 10.
Rb1 Nxd4 11. Nxd4 Bd7 12. Be2 Ne4 13. O-O Bc5 14. c3 O-O 15. Bd3 Qc7 16. Qh5 f5 17. exf6 Rxf6 18. Bxe4 dxe4 19. Qe5 Qxe5 20. fxe5 Rxf1+ 21. Rxf1 Bc6 22. Re1 Bd5 23. b3 b6 24. c4 Bb7 25. Nxe6 Bxe3+ 26. Rxe3 Re8 27. Nf4 Rxe5 28. Ne2 Re7 29. Nc3 Rd7 30. Kf2 Kf7 31. Nxe4 Kg6 32. Ke2 Re7 33. Nd6 Rxe3+ 34. Kxe3 Bxg2 35. Nc8 Kf5 36.
Kf2 Be4 37. Nxa7 Bb1 38. a3 Ba2 39. b4 Bxc4 40. Nc8 b5 41. a4 Ke4 0-1

[Event "*** Qualifier 4: Titled Tuesday 3|2 Blitz"]
[Site "Chess.com"]
[Date "2017.04.25"]
[Round "6"]
[White "Zlatan56"]
[Black "Indianlad"]
[Result "1/2-1/2"]
[WhiteElo "2617"]
[BlackElo "2699"]
[TimeControl "180+2"]
[EndTime "14:16:59 PDT"]
[Termination "Game drawn by repetition"]

1. Nf3 Nf6 2. g3 b6 3. Bg2 Bb7 4. O-O g6 5. b3 Bg7 6. Bb2 c5 7. c4 O-O 8. Nc3 d5 9. Nxd5 Nxd5 10. Bxg7 Kxg7 11. cxd5 Bxd5 12. d4 Nd7 13. dxc5 Nxc5 14.
Qd4+ f6 15. Qe3 Qe8 16. Rac1 a5 17. Rfd1 Rd8 18. Rd2 Bxf3 19. Bxf3 Rxd2 20. Qxd2 Qd8 21. Qe3 Qd6 22. a3 Rd8 23. b4 axb4 24. axb4 Nd7 25. Qe4 Ne5 26. Kg2 Rd7 27. Rc8 Rd8 28. Rxd8 Qxd8 29. Qb7 Qd6 30. b5 Qc5 31. e3 f5 32.
Be2 Kf6 33. Qb8 Nf7 34. Qe8 e5 35. h4 h5 36. Bf3 e4 37. Be2 Ne5 38. Qh8+ Ke6 39.
Qg8+ Kd6 40. Qd8+ Nd7 41. Qg8 Ne5 42. Qd8+ Ke6 43. Qe8+ Kf6 44. Qd8+ Kf7 45. Qh8 Ke6 46.
Qg8+ Kf6 47. Qd8+ Kf7 48. Qh8 Ke6 49. Qg8+ 1/2-1/2

[Event "*** Qualifier 4: Titled Tuesday 3|2 Blitz"]
[Site "Chess.com"]
[Date "2017.04.25"]
[Round "6"]
[White "swayamsm"]
[Black "Rock700chess"]
[Result "1-0"]
[WhiteElo "2414"]
[BlackElo "2265"]
[TimeControl "180+2"]
[EndTime "14:16:59 PDT"]
[Termination "swayamsm won on time"]

1. d4 Nf6 2. Nf3 g6 3. Nbd2 Bg7 4. e4 d6 5. Bd3 O-O 6. O-O Nbd7 7. Re1 e5 8. c3 c6 9. a4 Re8 10. h3 Nf8 11. Nf1 Ne6 12. dxe5 dxe5 13. Nxe5 Nc5 14. f4 Nxd3 15. Nxd3 Nxe4 16. Be3 Bf5 17. Ne5 Qe7 18. b4 Nxc3 19. Qb3 Nd5 20. Bc5 Qf6 21. Qf3 Rad8 22.
Bxa7 Nxb4 23. Bb6 Rd5 24. Ng4 Qxa1 25. Rxe8+ Bf8 26. Nh6+ Kg7 27. Nxf5+ Rxf5 28. Qe3 Nc2 29. Qd2 Qxa4 30. Qc3+ f6 31. Qd3 Rd5 32. Qe2 Qb5 33.
Qxc2 Qxb6+ 34. Kh2 Qc7 35. Qe4 Qd6 36. Ne3 Rd4 37. Qc2 Qxf4+ 38. Kh1 Bd6 39. g4 Rd1+ 40. Nxd1 1-0

[Event "*** Qualifier 4: Titled Tuesday 3|2 Blitz"]
[Site "Chess.com"]
[Date "2017.04.25"]
[Round "6"]
[White "Bugcrusher"]
[Black "AkshatChandra"]
[Result "0-1"]
[WhiteElo "2473"]
[BlackElo "2674"]
[TimeControl "180+2"]
[EndTime "14:17:08 PDT"]
[Termination "AkshatChandra won by resignation"]

1. d4 Nf6 2. c4 e6 3. Nf3 d5 4.
Bg5 h6 5. Bh4 dxc4 6. Nc3 c6 7.
a4 Bb4 8. e3 g5 9. Bg3 Ne4 10.
Qc2 Nxg3 11. hxg3 b5 12. Be2 Bb7 13. O-O a6 14. Ne5 Nd7 15. f4 gxf4 16. gxf4 Qe7 17.
Bh5 O-O 18. Ne4 f5 19. Nc3 Nxe5 20. fxe5 Qg5 21. Qe2 c5 22. axb5 cxd4 23. exd4 Bxc3 24.
bxc3 axb5 25. Bf3 Rxa1 26. Rxa1 Rb8 27. Bxb7 Rxb7 28. Qf3 Rg7 29. Rb1 Qg3 30. Qxg3 Rxg3 31. Rxb5 Rxc3 32. Rb6 Kf7 33. Rb7+ Ke8 34. Rb6 Kd7 35.
Rd6+ Ke7 36. Rc6 Rc1+ 37. Kf2 Rc2+ 38. Kf3 c3 39. Rc7+ Kd8 40. Rc4 Kd7 41. g3 h5 42.
Kf4 Rf2+ 43. Kg5 Rf3 44. Kf6 Rxg3 45. d5 exd5 46. Rc5 Re3 47. Rxd5+ Kc6 48. Rd8 f4 0-1

[Event "*** Qualifier 4: Titled Tuesday 3|2 Blitz"]
[Site "Chess.com"]
[Date "2017.04.25"]
[Round "6"]
[White "Robin-Side"]
[Black "ABDELAZEEZ-M"]
[Result "0-1"]
[WhiteElo "2296"]
[BlackElo "2171"]
[TimeControl "180+2"]
[EndTime "14:17:10 PDT"]
[Termination "ABDELAZEEZ-M won by checkmate"]

1. e4 c5 2. Nf3 Nc6 3. Nc3 g6 4.
d4 cxd4 5. Nxd4 Bg7 6. Nb3 d6 7.
Be2 Be6 8. O-O a5 9. a4 Rc8 10.
Nb5 Nf6 11. Bd3 Bxb3 12. cxb3 Nb4 13. Bb1 O-O 14. Be3 h5 15. Bd4 Ng4 16. Bxg7 Kxg7 17. h3 Nf6 18. Qe2 d5 19. e5 Nd7 20. e6 fxe6 21. Nd4 Nc5 22. Nxe6+ Nxe6 23. Qxe6 Rf6 24. Qe2 Qd6 25. Re1 e6 26. Bd3 Rcf8 27. f3 e5 28. Bb5 Rf5 29. Rac1 R8f7 30. Bd3 Rg5 31. Kh1 Qf6 32.
Bb1 h4 33. Rc5 Rg3 34. Rxa5 Re7 35. Rb5 Qd6 36. a5 d4 37. Rb6 Qc5 38. Qe4 Qxa5 39.
Rxg6+ Rxg6 40. Qxg6+ Kf8 41. Qh6+ Ke8 42. Qxh4 Nd5 43.
Bg6+ Kd7 44. Qg4+ Kd6 45. Qe4 Ne3 46. Rxe3 dxe3 47. Qxe3 Qc5 48. Qd3+ Qd4 49. Qf5 Rc7 50. Qf6+ Kc5 51. Qf8+ Kb5 52. Be8+ Kb6 53. Qf6+ Ka7 54. Qf8 Rc1+ 55. Kh2 Rc2 56. Qa3+ Kb8 57. Bh5 Qf4+ 58.
Kg1 Rc1+ 59. Kf2 Rc2+ 60. Ke1 Qe3+ 61. Kd1 Qd2# 0-1

[Event "*** Qualifier 4: Titled Tuesday 3|2 Blitz"]
[Site "Chess.com"]
[Date "2017.04.25"]
[Round "6"]
[White "SerGo055"]
[Black "scrapnel"]
[Result "0-1"]
[WhiteElo "2325"]
[BlackElo "2469"]
[TimeControl "180+2"]
[EndTime "14:17:12 PDT"]
[Termination "scrapnel won by checkmate"]

1. d4 Nf6 2. Nf3 g6 3. c4 Bg7 4. Nc3 d5 5. e3 O-O 6. Qb3 dxc4 7. Bxc4 c6 8. a4 a5 9. O-O Na6 10. e4 Nb4 11. h3 Nd7 12. Ng5 Qe8 13. Be3 Nb6 14.
Be2 h6 15. d5 N6xd5 16. Nxf7 Qxf7 17. exd5 Bf5 18. Bc5 Bc2 19. Qa3 cxd5 20. Bxb4 axb4 21. Qxb4 Kh7 22. Rac1 Bf5 23. Bf3 e6 24. Bg4 Bd3 25. Be2 Bxc3 26. Rxc3 Bxe2 27. Rfc1 Qxf2+ 28. Kh1 Rf7 29. Rc7 Bf1 30. Qg4 Bc4 31. Rxf7+ Qxf7 32. Qg3 Re8 33. b3 Ba6 34. Qe5 Re7 35. Rc8 Qg7 36. Qd6 Qa1+ 37. Kh2 Qg7 38. b4 Bd3 39. b5 Be4 40. a5 d4 41. a6 bxa6 42. bxa6 Bd5 43.
Qd8 Rd7 44. Qb6 Qe5+ 45. Kh1 Rf7 46. Qb1 Qe2 47. Qg1 Rf1 48. Rc7+ Kg8 49. Rc8+ Kf7 50. a7 Qxg2# 0-1

[Event "*** Qualifier 4: Titled Tuesday 3|2 Blitz"]
[Site "Chess.com"]
[Date "2017.04.25"]
[Round "6"]
[White "igorkovalenko"]
[Black "Aygehovit1992"]
[Result "0-1"]
[WhiteElo "2634"]
[BlackElo "2498"]
[TimeControl "180+2"]
[EndTime "14:17:16 PDT"]
[Termination "Aygehovit1992 won by resignation"]

1. c4 e5 2. Nc3 Nc6 3. g3 g6 4. Bg2 Bg7 5. Rb1 a5 6. Qa4 Nge7 7. b4 O-O 8. b5 Nd4 9. Ba3 d6 10. e3 Bf5 11. Rc1 Re8 12. Nd5 c6 13. Nxe7+ Qxe7 14. bxc6 bxc6 15. Ne2 Nxe2 16. Kxe2 Bg4+ 17.
f3 Bd7 18. Rb1 c5 19. Qc2 Bf5 20. d3 Be6 21. Rb6 f5 22. Rhb1 Ra7 23. Bc1 a4 24.
Bd2 h5 25. Rb8 Rxb8 26. Rxb8+ Kh7 27. Qb1 d5 28. cxd5 Bxd5 29. a3 c4 30. Bb4 Qc7 31.
Re8 cxd3+ 32. Kd2 e4 33. fxe4 fxe4 34. Bxe4 Qc6 35. Bxd5 Qxe8 36. Qxd3 Rd7 37. e4 Bh6+ 38. Ke2 Rc7 39. Kf3 Qc8 40. Ba5 Rc2 41. Be6 Qf8+ 42. Bf5 Rc1 43. Qd7+ Bg7 44. Bb4 Qf6 45. Qd2 Rb1 46.
Qd5 Rb2 47. h4 gxf5 48. exf5 Rb3+ 49. Kg2 Qe5 0-1

[Event "*** Qualifier 4: Titled Tuesday 3|2 Blitz"]
[Site "Chess.com"]
[Date "2017.04.25"]
[Round "6"]
[White "1stSecond"]
[Black "GGuseinov"]
[Result "0-1"]
[WhiteElo "2510"]
[BlackElo "2721"]
[TimeControl "180+2"]
[EndTime "14:17:17 PDT"]
[Termination "GGuseinov won by checkmate"]

1. d4 Nf6 2. c4 g6 3. Nc3 Bg7 4.
e4 d6 5. Nf3 O-O 6. h3 e5 7. d5 Nh5 8. Be3 Na6 9. a3 Nc5 10.
b4 Nd7 11. c5 a5 12. Nd2 axb4 13.
axb4 Rxa1 14. Qxa1 f5 15. cxd6 cxd6 16. Nc4 Ndf6 17.
Qa5 Qe7 18. Qb6 Rd8 19. g3 f4 20. gxf4 exf4 21. e5 fxe3 22. exf6 Qxf6 23. Ne4 Qa1+ 24. Ke2 Rf8 25. Ncxd6 Bd4 26. Qa5 Qb2+ 27. Kd3 Nf4+ 28.
Kc4 e2 29. Bxe2 Nxe2 30. Re1 Bd7 31. Rxe2 b5+ 32. Kd3 Rf3+ 33. Re3 Bxe3 34. fxe3 Qb3+ 35. Nc3 Rf8 36. Qc7 Bxh3 37. Nxb5 Bf1+ 38. Kd4 Qxb4+ 39. Ke5 Bxb5 40. d6 Bd7 41. e4 Rc8 42. Qxd7 Qxc3+ 43. Ke6 Qc4+ 44. Kf6 Rf8+ 45. Kg5 Qxe4 46. Qg4 Qf5+ 47. Kh6 Qxg4 48. d7 Kh8 49. d8=Q Qh5# 0-1

[Event "*** Qualifier 4: Titled Tuesday 3|2 Blitz"]
[Site "Chess.com"]
[Date "2017.04.25"]
[Round "6"]
[White "Rating-Schmating"]
[Black "WeiYi1999"]
[Result "1/2-1/2"]
[WhiteElo "2211"]
[BlackElo "2076"]
[TimeControl "180+2"]
[EndTime "14:17:17 PDT"]
[Termination "Game drawn - insufficient material"]

1. e4 e5 2. Nf3 Nc6 3. d4 exd4 4.
Nxd4 Nf6 5. Nxc6 bxc6 6. e5 Qe7 7. Qe2 Nd5 8. c4 Ba6 9. Nd2 g6 10. Nf3 Qb4+ 11. Kd1 Rb8 12. Qc2 Nb6 13. b3 Bg7 14. Bb2 O-O 15. Bd3 Qe7 16. Re1 c5 17. Bc3 d6 18.
exd6 Qxd6 19. Bxg7 Kxg7 20. Qc3+ Kg8 21. Kc2 Rfe8 22.
Rad1 Qf8 23. Ne5 Qg7 24. Nc6 Qxc3+ 25. Kxc3 Ra8 26. Be4 Bb7 27. Ne7+ Rxe7 28. Bxb7 Rae8 29. Rxe7 Rxe7 30. Bf3 Kg7 31. Rd8 Kf6 32. a3 Re1 33.
b4 Rc1+ 34. Kb3 cxb4 35. axb4 Nxc4 36. Bd5 Nd6 37. Ra8 Rb1+ 38. Ka3 Rh1 39. h3 Rf1 40. f3 Ke5 41. Bc6 Kd4 42. Kb2 Rf2+ 43. Kb3 Rxg2 44. Rxa7 Rg3 45. Rxc7 Rxh3 46. b5 f5 47. b6 Kc5 48. b7 Nxb7 49. Bxb7+ Kb6 50. Rg7 g5 51. Kc2 Rh2+ 52. Kd3 g4 53. fxg4 fxg4 54. Be4 Rh3+ 55. Ke2 Rh2+ 56. Kf1 h5 57. Rg5 h4 58. Rxg4 Rb2 59. Rxh4 Kc7 60. Ke1 Kd6 61. Bd3 Ke5 62. Be2 Rb1+ 63. Kf2 Rb2 64. Ke3 Rb3+ 65. Bd3 Kd6 66. Rh5 Rb7 67. Kd4 Rc7 68. Rh6+ Ke7 69. Be4 Rd7+ 70. Ke5 Rc7 71. Rh7+ Kd8 72. Rh8+ Ke7 73.
Bd5 Rd7 74. Rh7+ Kd8 75. Rh6 Ke7 76. Re6+ Kd8 77. Bc6 Re7 78. Kd5 Rxe6 79. Kxe6 1/2-1/2

[Event "*** Qualifier 4: Titled Tuesday 3|2 Blitz"]
[Site "Chess.com"]
[Date "2017.04.25"]
[Round "6"]
[White "DryCounty"]
[Black "SergeiAza"]
[Result "0-1"]
[WhiteElo "2488"]
[BlackElo "2671"]
[TimeControl "180+2"]
[EndTime "14:17:23 PDT"]
[Termination "SergeiAza won by resignation"]

1. Nf3 Nf6 2. c4 e6 3. g3 d5 4.
b3 d4 5. Bg2 Be7 6. O-O O-O 7.
e3 c5 8. Bb2 Nc6 9. exd4 cxd4 10. Re1 Re8 11. a3 a5 12. d3 Bc5 13. Nbd2 e5 14. Ng5 h6 15. Nge4 Nxe4 16. Bxe4 Bf8 17. Bd5 Ra6 18. Qf3 Qc7 19. Rac1 Be6 20. Ne4 Qd7 21. h4 Rb6 22. Nd2 Kh8 23. Kh2 f6 24.
Rg1 Ne7 25. Bxe6 Qxe6 26. h5 Nc6 27. g4 Kg8 28. Qe4 Nb8 29. Rce1 Na6 30. f4 Nc5 31.
Qd5 Nxb3 32. Nxb3 Rxb3 33. Bxd4 Qxd5 34. cxd5 Rxd3 35. Bb6 Bd6 36. fxe5 Bxe5+ 37. Kg2 Rxd5 38. Re4 Rb5 39. Bd4 Rd8 40. Bxe5 Rxe5 41. Rxe5 fxe5 42.
Rb1 Rd7 43. Rb5 a4 44. Rxe5 Rd3 45. Rb5 Rb3 46. Ra5 Rxa3 47. Ra8+ Kh7 48. Ra7 b5 49. Rb7 Rb3 50. Ra7 a3 51. Kf2 b4 52. Ke2 Rb2+ 53. Kd3 a2 54. Kc4 b3 55. Kd5 Rb1 56. g5 hxg5 57. h6 Kxh6 0-1

[Event "*** Qualifier 4: Titled Tuesday 3|2 Blitz"]
[Site "Chess.com"]
[Date "2017.04.25"]
[Round "6"]
[White "rasool78"]
[Black "MateusViageiro"]
[Result "0-1"]
[WhiteElo "2224"]
[BlackElo "2272"]
[TimeControl "180+2"]
[EndTime "14:17:47 PDT"]
[Termination "MateusViageiro won by resignation"]

1. e4 c5 2. Nc3 d6 3. f4 Nf6 4. Nf3 e6 5. g3 Be7 6. Bg2 O-O 7. O-O Nc6 8. d3 a6 9. h3 Qc7 10. g4 b5 11. Ne2 Bb7 12. Ng3 Rad8 13. g5 Nd7 14. Nh2 Rfe8 15. f5 Bf8 16. Nh5 exf5 17. exf5 Nd4 18. Rf2 Bxg2 19. Kxg2 Qc6+ 20. Kg3 d5 21. c3 Nxf5+ 22. Rxf5 g6 23. Nf6+ Nxf6 24. Rxf6 Rd6 25. Qf3 Rxf6 26. gxf6 Qe6 27. Bf4 d4 28. cxd4 cxd4 29. Ng4 h5 30. Nf2 Rc8 31. Rc1 Re8 32. Ne4 Qxa2 33. Rc2 Qb1 34. Re2 Qg1+ 35. Qg2 Qd1 36. Qf3 b4 37. Kg2 a5 38. Ng3 Rxe2+ 39. Qxe2 Qa4 40. Ne4 Qc6 41. Kf2 a4 42. Ng5 Qxf6 43.
Kg3 h4+ 44. Kf3 a3 45. bxa3 bxa3 46. Qe8 a2 47. Qa8 Qf5 48. Qxa2 Qxd3+ 49. Kg2 Qf5 50. Bd2 Kg7 51. Qc4 Qf6 52. Bc1 Bd6 53. Ne4 Qe5 54.
Nxd6 Qg3+ 55. Kf1 Qxh3+ 56. Ke1 Qg3+ 57. Ke2 Qxd6 58. Kd3 h3 59. Bb2 Qg3+ 60. Kxd4 h2 61. Ke4+ Kh6 62. Bc1+ Kh5 63. Qxf7 h1=Q+ 0-1

[Event "*** Qualifier 4: Titled Tuesday 3|2 Blitz"]
[Site "Chess.com"]
[Date "2017.04.25"]
[Round "6"]
[White "Fandorine"]
[Black "LyonBeast"]
[Result "0-1"]
[WhiteElo "2710"]
[BlackElo "2802"]
[TimeControl "180+2"]
[EndTime "14:17:49 PDT"]
[Termination "LyonBeast won by resignation"]

1. e4 c5 2. Nf3 d6 3. d4 cxd4 4.
Nxd4 Nf6 5. Nc3 a6 6. h3 e5 7. Nde2 h5 8. g3 Nbd7 9. Bg2 b5 10. a4 b4 11. Nd5 Nxd5 12. Qxd5 Qc7 13. Be3 Bb7 14. Qd3 Be7 15. c3 b3 16. O-O O-O 17. Nc1 Rab8 18. Nxb3 Bc6 19. Qc2 f5 20. Nd2 f4 21. gxf4 exf4 22. Bd4 Ne5 23. Bxe5 dxe5 24. b4 Rf6 25. Nf3 Rg6 26. Rfd1 Kh7 27. Rd5 Bxd5 28. exd5 Bf6 29. Kh1 Rxb4 30. Qf5 Qxc3 31. Rg1 Kh6 32. d6 e4 33. Qxf4+ Kh7 34. Nh4 Bxh4 35. Qxh4 Qf6 36. Qxh5+ Rh6 37. Qg4 Qg6 38. Qxg6+ Rxg6 39. d7 Rd6 40. Re1 Rxd7 41. Bxe4+ Kh6 42. Bc6 Rd6 43. Rc1 Rf4 44. Kg2 Rd2 45. Bf3 Rxa4 46. Rc6+ g6 47. Re6 Kg7 48. Be4 Kf7 49. Re5 Kf6 50. Re8 Re2 51. Kf3 Rexe4 52. Rxe4 Rxe4 53. Kxe4 a5 54. Kd3 Kf5 55. Kc4 Kf4 56. Kb5 Kf3 57. Kxa5 Kxf2 58. Kb5 Kg3 59. Kc5 Kxh3 60. Kd4 g5 61. Ke3 Kg2 0-1

[Event "*** Qualifier 4: Titled Tuesday 3|2 Blitz"]
[Site "Chess.com"]
[Date "2017.04.25"]
[Round "6"]
[White "Astaneh"]
[Black "TenisMaster"]
[Result "1-0"]
[WhiteElo "2481"]
[BlackElo "2661"]
[TimeControl "180+2"]
[EndTime "14:17:57 PDT"]
[Termination "Astaneh won by resignation"]

1. e4 g6 2. Nf3 Bg7 3. Bc4 d6 4.
O-O Nf6 5. Re1 O-O 6. h3 c5 7. c3 Qc7 8. Bb3 b6 9. d4 Bb7 10. e5 Nd5 11. e6 fxe6 12. Ng5 Qc6 13. Nxe6 c4 14. Ba4 b5 15. Nxf8 Bxf8 16. Bc2 Ne3 17. d5 Qxd5 18. Qxd5+ Nxd5 19. a4 b4 20. Be4 a5 21. Nd2 Nd7 22. Nxc4 N7f6 23. Bf3 bxc3 24. bxc3 Ra7 25. Rb1 Bc6 26. Be3 Nxe3 27. Rxe3 Bxa4 28. Ra1 Bb3 29. Nxa5 Bf7 30. Ree1 Rc7 31. Rec1 Nd7 32. Nc6 Nc5 33. Ra7 Rxa7 34. Nxa7 Bh6 35. Re1 Kf8 36. Nc6 Be6 37. c4 Bg5 38. Bd5 Bd7 39. Nd4 Bf6 40. Ne6+ Bxe6 41. Bxe6 g5 42. Bf5 Kg7 43.
g3 h5 44. Kg2 Be5 45. Kf3 Kf6 46.
Bc2 Ne6 47. Ke4 Nc5+ 48. Ke3 Ne6 49. Rb1 Bd4+ 50. Ke2 Bc5 51. Bd1 Nd4+ 52. Kf1 Nf5 53. Bxh5 Nd4 54. Bd1 Nc6 55. Kg2 Ne5 56. Be2 Ng6 57.
Rb8 Ne5 58. f4 gxf4 59. Rf8+ Kg7 60. Rxf4 Ng6 61. Re4 e5 62. Rg4 Kf6 63. Bd3 Nf8 64. Kf3 Ne6 65. h4 Nd4+ 66. Ke4 Nf5 67. h5 1-0

[Event "*** Qualifier 4: Titled Tuesday 3|2 Blitz"]
[Site "Chess.com"]
[Date "2017.04.25"]
[Round "6"]
[White "Iball95"]
[Black "maciek_92"]
[Result "1/2-1/2"]
[WhiteElo "2525"]
[BlackElo "2518"]
[TimeControl "180+2"]
[EndTime "14:17:57 PDT"]
[Termination "Game drawn - insufficient material"]

1. e4 c5 2. Nf3 Nc6 3. Bb5 g6 4.
O-O Bg7 5. Re1 Nf6 6. c3 O-O 7.
e5 Nd5 8. d4 cxd4 9. cxd4 d6 10. Nc3 dxe5 11. Bxc6 bxc6 12. Nxe5 Bb7 13. Qa4 Qd6 14.
Ne4 Qc7 15. Nc5 Nb6 16. Qb3 Bc8 17. Bf4 Nd5 18. Bg3 Qb6 19. Qa3 Bxe5 20. Bxe5 a5 21. b3 Qb4 22. Qb2 f6 23. Bg3 Re8 24. Rac1 Qb6 25.
Qd2 Bf5 26. h4 Ra7 27. Re2 Kg7 28. Rce1 e5 29. dxe5 Qxc5 30. exf6+ Nxf6 31. Rxe8 Nxe8 32. Rxe8 Rd7 33. Qg5 Kf7 34. Rh8 Kg7 35. Re8 Kf7 36. Re5 Qc2 37. Rxa5 Qd2 38. Ra6 Qxg5 39. hxg5 Rd1+ 40.
Kh2 Be4 41. Ra7+ Ke6 42. Rxh7 Rd2 43. Ra7 Bd5 44. Ra6 Kf5 45. Ra5 Kxg5 46. b4 Rxa2 47. Rc5 Rb2 48. b5 Rxb5 49. Rxb5 cxb5 50. Bd6 Kf5 51.
Bb4 Kf4 52. f3 Be6 53. Kg1 Ke3 54. Kh2 Kd3 55. Kg3 Kc4 56. Ba3 b4 57. Bb2 Kb3 58.
Be5 Kc2 59. Kf4 b3 60. Kg5 Bf5 61. g4 Bd3 62. f4 b2 63. Bxb2 Kxb2 64. f5 Bxf5 65.
gxf5 gxf5 66. Kxf5 1/2-1/2

[Event "*** Qualifier 4: Titled Tuesday 3|2 Blitz"]
[Site "Chess.com"]
[Date "2017.04.25"]
[Round "6"]
[White "silverback96"]
[Black "Sanan_Sjugirov"]
[Result "1-0"]
[WhiteElo "2068"]
[BlackElo "2615"]
[TimeControl "180+2"]
[EndTime "14:17:57 PDT"]
[Termination "silverback96 won by resignation"]

1. d4 Nf6 2. c4 e6 3. g3 d5 4. Nf3 Bb4+ 5. Bd2 Be7 6. Bg2 O-O 7.
O-O c6 8. Nc3 dxc4 9. Bf4 Nbd7 10. e4 Re8 11. a4 b6 12. h4 Bb7 13. Qe2 a5 14. Ng5 h6 15. Nf3 Bb4 16. Rfd1 Ba6 17.
Qe3 Rc8 18. Bh3 Qe7 19. g4 Nh7 20. g5 hxg5 21. hxg5 Nhf8 22. e5 Bxc3 23. bxc3 Ng6 24. Bg3 Bb7 25. Nd2 c5 26. Nxc4 Red8 27. Nd6 Rc7 28.
Rab1 Ba8 29. Rb2 cxd4 30. cxd4 Rb8 31. Bg4 Ndf8 32. Rdb1 Qd7 33. Bd1 Ne7 34. Qd3 Nd5 35. Rb5 Rc3 36. Qe4 Ng6 37. Qg4 Qc6 38. Bf3 Rc1+ 39.
Rxc1 Qxc1+ 40. Kh2 Kf8 41. Bxd5 Bxd5 42. Rxd5 exd5 43. Qd7 Ne7 44. e6 Qxg5 45. Nxf7 Qh5+ 46. Kg2 Re8 47. Bd6 Qg6+ 48. Kf1 Qd3+ 49. Kg2 Qe4+ 50. Kf1 Qd3+ 51. Kg2 Qg6+ 52. Kf1 Qd3+ 53. Kg2 Qxd4 54.
Ne5 Qe4+ 55. f3 Qc2+ 56. Kg3 Qc8 57. Ng6+ Kg8 58. Nxe7+ 1-0

[Event "*** Qualifier 4: Titled Tuesday 3|2 Blitz"]
[Site "Chess.com"]
[Date "2017.04.25"]
[Round "6"]
[White "rasmussvane"]
[Black "woodhy"]
[Result "1-0"]
[WhiteElo "2531"]
[BlackElo "2387"]
[TimeControl "180+2"]
[EndTime "14:17:59 PDT"]
[Termination "rasmussvane won by resignation"]

1. Nf3 Nf6 2. c4 b6 3. g3 Bb7 4. Bg2 e6 5. O-O Be7 6. d4 O-O 7. Re1 Ne4 8. Nfd2 Nd6 9. e4 Qc8 10. Nc3 f5 11. e5 Nf7 12. d5 Na6 13. Nf3 Nd8 14. h4 h6 15. Nd4 Re8 16. Qh5 Nf7 17. Bf4 Nc5 18. Rad1 a5 19. Ndb5 c6 20. dxc6 Bxc6 21.
Nd4 Bxg2 22. Kxg2 d6 23. exd6 Bxd6 24. Bxd6 Nxd6 25. Qe2 Qb7+ 26. Kg1 Rad8 27. Ndb5 Nxb5 28. Nxb5 Qc6 29. Nd4 Qc8 30. Nb5 Qc6 31. Nd4 Qc8 32. Qe3 Ne4 33. b3 Nc5 34. Qf3 Ne4 35. Kg2 Qc5 36.
Nb5 Qc6 37. Nd4 Qc5 38. Qe3 Qc8 39. Nb5 Qc6 40. Kg1 Kh8 41. Nc3 Rxd1 42. Rxd1 Nf6 43. Qd4 Ng4 44. Qf4 Rf8 45. Qd6 Qa8 46. Nb5 f4 47. Nc7 Qc8 48. Nxe6 fxg3 49. Qxf8+ Qxf8 50. Nxf8 gxf2+ 51. Kg2 Ne3+ 52. Kxf2 Nxd1+ 53. Kf3 Nc3 54. a4 Nb1 55. Ke3 Nc3 56. Nd7 Nd1+ 57. Ke2 Nc3+ 58. Kd3 Nd1 59. Nxb6 g5 60. hxg5 hxg5 61. c5 g4 62. c6 g3 63. c7 g2 64. c8=Q+ Kg7 65. Qg4+ 1-0

[Event "*** Qualifier 4: Titled Tuesday 3|2 Blitz"]
[Site "Chess.com"]
[Date "2017.04.25"]
[Round "6"]
[White "severomorskij"]
[Black "Konavets"]
[Result "1-0"]
[WhiteElo "2693"]
[BlackElo "2696"]
[TimeControl "180+2"]
[EndTime "14:18:03 PDT"]
[Termination "severomorskij won by resignation"]

1. d4 Nf6 2. Bg5 d5 3. Nf3 c5 4.
Bxf6 gxf6 5. dxc5 e6 6. e3 Bxc5 7. c4 dxc4 8. Nbd2 Nc6 9. Bxc4 Be7 10. O-O a6 11. Rc1 Qa5 12. a3 Qh5 13. Be2 Qg6 14.
Nc4 O-O 15. Nb6 Rb8 16. Qb3 Rd8 17. Rfd1 Re8 18. g3 Qf5 19. Nd4 Qa5 20. Bf3 f5 21. Nc4 Nxd4 22. exd4 Qb5 23. Qxb5 axb5 24. Nb6 Bg5 25.
Rc5 Be7 26. Rxb5 Rd8 27. Rc1 Bd7 28. Nxd7 Rxd7 29. d5 e5 30. Bg2 Kg7 31. a4 e4 32.
Bh3 Bg5 33. Bxf5 Re7 34. Rd1 e3 35. fxe3 Rxe3 36. d6 Re2 37. d7 b6 38. Rbd5 Rd8 39.
Bg4 Be3+ 40. Kh1 Rxb2 41. Re5 Bh6 42. Re8 Bg5 43. Rde1 Rb4 44. R1e4 Rxe4 45. Rxe4 Ra8 46. Rc4 Rd8 47. Kg2 Kf8 48. h4 Bf6 49. Rc6 Bd4 50.
Kf3 Bc5 51. a5 Ke7 52. axb6 Bd4 53. b7 Ba7 54. Rc8 Bb8 55. Bf5 h6 56. Kg4 Bd6 57.
Kh5 Bxg3 58. Kxh6 Bf4+ 59. Kh7 Bd6 60. h5 Be5 61. h6 Bf4 62. Rxd8 Kxd8 63. Kg8 Bxh6 64.
b8=Q+ 1-0

[Event "*** Qualifier 4: Titled Tuesday 3|2 Blitz"]
[Site "Chess.com"]
[Date "2017.04.25"]
[Round "6"]
[White "dolynachess"]
[Black "amaidel"]
[Result "1-0"]
[WhiteElo "2361"]
[BlackElo "2400"]
[TimeControl "180+2"]
[EndTime "14:18:04 PDT"]
[Termination "dolynachess won by resignation"]

1. c4 f5 2. g3 Nf6 3. Bg2 g6 4.
Nc3 Bg7 5. Nf3 O-O 6. O-O d6 7. Rb1 e5 8. d3 Nc6 9. b4 Qe8 10. b5 Nd8 11. Nd5 Rf7 12. Bg5 Ne6 13. Bxf6 Bxf6 14. a4 Bg7 15. a5 c6 16. bxc6 bxc6 17.
Nb4 Bd7 18. Nd2 Qc8 19. Qc2 Nd4 20. Qd1 f4 21. e3 f3 22. Nxf3 Nxf3+ 23. Bxf3 Bh3 24. Bg2 Bxg2 25. Kxg2 Qc7 26. a6 Rb8 27. Qa4 Rb6 28. Nc2 Rf8 29. Rxb6 Qxb6 30. Nb4 Rc8 31. Rc1 Bf8 32. Rc2 d5 33. Na2 d4 34. e4 Qb1 35. c5 Rb8 36. Qc4+ Kh8 37. Rc1 Qb3 38. Kf3 Qxc4 39. dxc4 Rb2 40. Ra1 Bxc5 41. Nc1 Kg7 42. Nd3 Rb3 43. Ke2 Bd6 44. c5 Bc7 45. f4 Kf6 46. Rf1 Ke6 47. fxe5 Bxe5 48. Rf8 Bc7 49. Re8+ Kd7 50. Rh8 h5 51. Rg8 Ra3 52. Rg7+ Kc8 53. Rg8+ Bd8 54. Rxg6 Rxa6 55. Ne5 Ra2+ 56. Kd3 Rxh2 57.
Nxc6 Kd7 58. Rd6+ Kc7 59. Nxd8 Rh3 60. Ne6+ Kb7 61. Kxd4 Rxg3 62. c6+ 1-0

[Event "*** Qualifier 4: Titled Tuesday 3|2 Blitz"]
[Site "Chess.com"]
[Date "2017.04.25"]
[Round "6"]
[White "saraswathii"]
[Black "PowerThinking2650"]
[Result "1-0"]
[WhiteElo "2241"]
[BlackElo "2305"]
[TimeControl "180+2"]
[EndTime "14:18:05 PDT"]
[Termination "saraswathii won on time"]

1. e4 e5 2. d3 Nf6 3. Nf3 Nc6 4. g3 d5 5. exd5 Nxd5 6. Bg2 Be7 7. O-O O-O 8. Nbd2 Re8 9. h3 Bf8 10. Re1 Nf6 11. Nc4 e4 12. dxe4 Qxd1 13. Rxd1 Nxe4 14.
Be3 Nb4 15. Ne1 c6 16. c3 Nd5 17. Bd4 Bf5 18. Nf3 h6 19. Na5 Bh7 20. c4 Nb4 21. Ne1 b6 22. Nb3 c5 23. Be3 Rad8 24. a3 Nc6 25. Nd3 Nd4 26. Bxd4 cxd4 27. Nf4 d3 28. Rxd3 Rxd3 29. Nxd3 Nxg3 30. fxg3 Bxd3 31. Rc1 Re2 32. c5 bxc5 33. Bf1 Rxb2 34. Nxc5 Bxf1 35. Kxf1 Ra2 36. Nd7 Bd6 37. Rc8+ Kh7 38. Rc6 Bxa3 39. Ra6 Ra1+ 40. Ke2 Bb2 41. Rc6 Ra2 42. Kf3 Bd4 43. Nf8+ Kg8 44.
Rc8 g6 45. Ne6+ Kh7 46. Nxd4 a5 47. Rc7 Kg7 48. Ne6+ Kf6 49. Nd8 a4 50. Rxf7+ Ke5 51. Nc6+ Kd6 52. Rf6+ Kc5 53. Ne5 a3 54. Ra6 Ra1 55.
Nd3+ Kc4 56. Ke2 a2 57. Kd2 Rh1 58. Nc1 1-0